 Dungeon Crawl Stone Soup version 0.31-a0-523-g071a6c1ffa (webtiles) character file.

Game seed: 3244691045722370655

67 javelincjr the Trooper (level 4, -5/37 HPs)
             Began as a Demonspawn Monk on Aug 11, 2023.
             Slain by Crazy Yiuf
             ... wielding a +3 quarterstaff of chaos
              (17 damage)
             ... on level 2 of the Dungeon.
             The game lasted 00:02:21 (1304 turns).

javelincjr the Trooper (Demonspawn Monk)            Turns: 1304, Time: 00:02:22

Health: -5/37      AC:  2    Str: 13    XL:     4   Next: 0%
Magic:  4/4        EV: 12    Int: 12    God:
Gold:   107        SH:  4    Dex: 15    Spells: 3/3 levels left

rFire   . . .        a - +0 spear
rCold   . . .        h - +0 buckler
rNeg    . . .        b - +0 robe
rPois   .            (no helmet)
rElec   .            (no cloak)
rCorr   .            (no gloves)
SInv    .            (no boots)
Will    .....        (no amulet)
Stlth   +            (no ring)
HPRegen 0.26/turn    (no ring)
MPRegen 0.09/turn

%: no passive effects
@: lethally poisoned (-5 -> -15)
A: spiny 1
a: no special abilities


You were on level 2 of the Dungeon.
You visited 1 branch of the dungeon, and saw 2 of its levels.

You collected 107 gold pieces.

Inventory:

Hand Weapons
 a - a +0 spear (weapon)
Armour
 b - a +0 robe (worn)
 d - an orb of light
 h - a +0 buckler (worn)
Scrolls
 e - 2 scrolls of amnesia {unknown}
 f - a scroll of brand weapon {unknown}
 g - a scroll of identify {unknown}
Potions
 c - a potion of ambrosia
 i - 3 potions of heal wounds {unknown}
 j - a potion of curing {unknown}
 k - 2 potions of haste {unknown}


   Skills:
 + Level 3.7 Fighting
 + Level 3.3 Polearms
 + Level 3.3 Dodging


You had 3 spell levels left.
You didn't know any spells.
Your spell library was empty.

Dungeon Overview and Level Annotations

Branches:
Dungeon (2/15)

Altars:

Annotations:
D:2 Crazy Yiuf


Innate Abilities, Weirdness & Mutations

You are partially covered in sharp spines.


Message History

You kill the kobold!
No target in view!
No target in view!
No target in view!
Found a runed translucent door.
Crazy Yiuf shouts!
Crazy Yiuf says, "Action broken Xom!"
Crazy Yiuf screams, "Shower chair cower!"
Sorry, you're not good enough to have a special ability.
Your library has no spells.
You see here a +0 ring mail.
You now have 107 gold pieces (gained 12).
Found a stone staircase leading down.
A bat comes into view.
The bat is struck by your spines. The bat hits you but does no damage.
You closely miss the bat.
The bat is moderately wounded.
The bat closely misses you. The bat is struck by your spines.
You kill the bat!
You have reached level 4!
You feel clever.
Found a stone staircase leading down.
Crazy Yiuf shouts!
You open the door.
Crazy Yiuf cries, "You leg down broken song, no?"
You barely miss Crazy Yiuf.
Crazy Yiuf says, "Snoogle!
Defame broken cloud."
Crazy Yiuf hits you with a +3 quarterstaff of chaos!
You barely miss Crazy Yiuf.
Crazy Yiuf hits you with a +3 quarterstaff of chaos!
You are poisoned.
You are too injured to fight recklessly!
You are too injured to fight recklessly!
You are too injured to fight recklessly!
You are too injured to fight recklessly!
You closely miss Crazy Yiuf.
You feel very sick. Crazy Yiuf is struck by your spines.
Crazy Yiuf hits you with a +3 quarterstaff of chaos!
You die...

#........# ##....##.#
.#.......# .<......##
.......##
....##..##♣♣♣♣♣
.#..###..#..♣.♣♣♣ ###
.#..###......♣..♣#...#
#...........♣♣♣♣@g...#
..###(...#.♣♣ ♣♣#..)#
### ##..##♣♣ ### #..#
#..# #..## #.).# ##..#
#..#


You could see Crazy Yiuf.

Vanquished Creatures
  3 adders (D:2)
  A dart slug (D:1)
  9 bats
  4 endoplasms (D:1)
  A giant cockroach (D:1)
  2 goblins
  A hobgoblin (D:1)
  2 kobolds (D:2)
  4 quokkas
  3 ball pythons
  4 frilled lizards
  2 rats
36 creatures vanquished.

Notes
Turn   | Place    | Note
-------+----------+-------------------------------------------
     0 | D:1      | javelincjr the Demonspawn Monk began the quest for the Orb.
     0 | D:1      | Reached XP level 1. HP: 18/18 MP: 1/1
   148 | D:1      | Gained mutation: You are partially covered in sharp spines.
                  | [demonic ancestry]
   148 | D:1      | Reached XP level 2. HP: 19/24 MP: 2/2
   888 | D:2      | Reached XP level 3. HP: 23/29 MP: 3/3
  1167 | D:2      | Found a runed translucent door.
  1168 | D:2      | Noticed Crazy Yiuf
  1226 | D:2      | Reached XP level 4. HP: 37/37 MP: 4/4
  1304 | D:2      | Slain by Crazy Yiuf

Illustrated notes

Levels and vault maps discovered:
D:1:      matt_arrival_grand_opening, layout_loops_ring
D:2:      layout_rooms, bh_walls_and_bars, uniq_crazy_yiuf_cottage

Skill      XL: |  1  2 |
---------------+-------+-----
Dodging        | 3 |  3.3
Polearms       | 3 |  3.3
Fighting       | |  3.7

Action                     |  1- 3 |  4- 6 || total
---------------------------+-------+-------++-------
  Melee: Spear             |    83 |     3 ||    86
   Stab: Sleeping          |     2 |       ||     2
 Armour: Robe              |     8 |       ||     8
  Dodge: Dodged            |    30 |       ||    30
  Block: Buckler           |     4 |       ||     4

Table legend: (Time is in decaauts)
 A = Elapsed time spent in this place.
 B = Non-inter-level travel time spent in this place.
 C = Inter-level travel time spent in this place.
 D = Time resting spent in this place.
 E = Time spent auto-exploring this place.
 F = Levels seen in this place.
 G = Mean time per level.
                   A        B        C        D        E       F      G
               +--------+--------+--------+--------+--------+-----+--------+
         Total |   1302 |   1210 |     92 |      0 |   1000 |   2 |  651.0 |
       Dungeon |   1302 |   1210 |     92 |      0 |   1000 |   2 |  651.0 |
               +--------+--------+--------+--------+--------+-----+--------+

Top non-repeatable levels by time:
     D:1: 786 daAuts
     D:2: 515 daAuts
